 Dungeon Crawl Stone Soup version 0.25-a0-246-g58704a1ebd (webtiles) character file.

Game seed: 15075954977571670854, levelgen mode: deterministic

9352 floatRand the Cleaver (level 11, -1/84 HPs)
             Began as a Demonspawn Monk on Dec 3, 2019.
             Was an Elder of Qazlal.
             Succumbed to a killer bee's poison
             ... on level 10 of the Dungeon.
             The game lasted 00:13:00 (10921 turns).

floatRand the Cleaver (Demonspawn Monk)            Turns: 10921, Time: 00:13:00

Health: -1/84      AC:  9    Str: 15    XL:     11   Next: 21%
Magic:  14/14      EV: 18    Int: 12    God:    Qazlal [****..]
Gold:   463        SH:  5    Dex: 15    Spells: 10/10 levels left

rFire    + . .     SeeInvis .   o - +3 battleaxe (chop)
rCold    . . .     Gourm    .   (shield currently unavailable)
rNeg     . . .     Faith    .   r - +2 robe {rF+}
rPois    .         Spirit   .   m - +0 helmet
rElec    .         Reflect  .   h - +2 cloak
rCorr    .         Harm     .   v - +0 pair of gloves
MR       .....                  (no boots)
Stlth    ++........             (no amulet)
HPRegen  0.24/turn              (no ring)
MPRegen  0.14/turn              (no ring)

@: lethally poisoned (-1 -> -15), hasted, repel missiles, very quick
A: claws 2, nightstalker 1, spiny 1, sturdy frame 2
a: Upheaval, Elemental Force, Renounce Religion


You were on level 10 of the Dungeon.
You worshipped Qazlal.
Qazlal was greatly pleased with you.
You were not hungry.

You visited 2 branches of the dungeon, and saw 11 of its levels.

You collected 463 gold pieces.

Inventory:

Hand Weapons
 a - a +0 hand axe
 f - the +7 rapier of the Tomato {pierce, Str+3 Dex+2}
   (You took it off a wight on level 8 of the Dungeon)

   It inflicts extra damage upon your enemies.
   It affects your strength (+3).
   It affects your dexterity (+2).
 i - a +2 dagger of venom
 o - a +3 battleaxe of chopping (weapon)
 p - a +0 hand axe of flaming
 t - a +4 dagger of venom
Armour
 h - a +2 cloak (worn)
 j - a +0 plate armour
 m - a +0 helmet (worn)
 r - a +2 robe of fire resistance (worn)
 s - a +0 cloak
 v - a +0 pair of gloves (worn)
Wands
 d - a wand of flame (13)
 g - a wand of polymorph (12)
 l - a wand of iceblast (18)
Scrolls
 e - a scroll of fog
 n - 6 scrolls of identify
 u - a scroll of teleportation
 w - a scroll of remove curse
 x - a scroll of blinking
 y - a scroll of amnesia
 z - a scroll of enchant armour {unknown}
Potions
 b - a potion of brilliance
 q - 2 potions of flight
Comestibles
 c - 10 rations


   Skills:
 - Level 7.4 Fighting
 - Level 12.0 Axes
 - Level 8.8 Dodging
 - Level 1.7 Stealth
 + Level 4.7 Invocations


You had 10 spell levels left.
You didn't know any spells.
Your spell library contained the following spells:

 Spells                   Type           Power        Failure   Level  Hunger
 Animate Skeleton         Necr           N/A          32%         1    ##.....
 Beastly Appendage        Tmut           #.....       32%         1    ##.....
 Pain                     Necr           #...         32%         1    ##.....
 Summon Small Mammal      Summ           #...         32%         1    ##.....
 Call Imp                 Summ           #.......     45%         2    ###....
 Sticks to Snakes         Tmut           #.......     45%         2    ###....
 Call Canine Familiar     Summ           #.......     69%         3    ####...
 Regeneration             Chrm/Necr      #.........   69%         3    ####...
 Spider Form              Tmut/Pois      #.........   69%         3    ####...
 Summon Guardian Golem    Hex/Summ       #.......     69%         3    ####...
 Vampiric Draining        Necr           #.........   69%         3    ####...
 Animate Dead             Necr           N/A          97%         4    #####..
 Ice Form                 Ice/Tmut       #.......     97%         4    #####..
 Summon Ice Beast         Ice/Summ       #.......     97%         4    #####..
 Summon Lightning Spire   Summ/Air       #.......     97%         4    #####..
 Blade Hands              Tmut           #.........   100%        5    ######.


Dungeon Overview and Level Annotations

Branches:
Dungeon (10/15)            Temple (1/1) D:6            Lair (0/6) D:10
    Orc (0/2) D:9

Altars:
Ashenzari
Elyvilon
Fedhas
Makhleb
Okawaru
Qazlal
Ru
Sif Muna
Trog
Uskayaw
Xom
The Shining One

Shops:
D:8 }

Annotations:
D:7 1 runed translucent door, mcbry's ghost, novice HaBe
D:8 3 runed translucent doors


Innate Abilities, Weirdness & Mutations

You have very sharp fingernails.
You are slightly more attuned to the shadows.
You are partially covered in sharp spines.
Your movements are less encumbered by armour. (ER -4)


Message History

You are lethally poisoned!
The killer bee poisons you!
The killer bee is struck by your spines.
The killer bee stings you!
* * * LOW HITPOINT WARNING * * *
You are more poisoned.
The killer bee poisons you! You block the killer bee's attack.
Unknown command.
You hit the killer bee.
The killer bee is severely wounded.
* * * LOW HITPOINT WARNING * * *
You feel sick.
You hear an angry buzzing noise.
The killer bee completely misses you.
The killer bee is struck by your spines.
You kill the killer bee!
Qazlal accepts your kill.
Unknown command.
It was a potion of haste.
You feel yourself speed up.
You die...

# #+# #..#..#...#..# # #.#
#..#.##.PP##. #
#.########..#...PPP...# #
##........##.#≈.PP>PP.≈# #
##...#####.##.#...PPP...# #
###.....####.##.#.##P..##.#
######...Y..V..##.##.#..#...#
.#
.......###.###Y##.##..#...≈...
######## #.# #Y†@........###..
#.# ####.##..........
#........########## #.########
#.#


You could see 2 yaks and a vampire.

Vanquished Creatures
  Harold (D:8)
  3 two-headed ogres
  Maurice (D:8)
  A komodo dragon (D:10)
  A troll (D:10)
  Prince Ribbit (D:9)
  9 yaks
  2 hungry ghosts (D:9)
  A steam dragon (D:9)
  A water moccasin (D:8)
  An orc warrior (D:7)
  An ice beast (D:5)
  2 sky beasts
  2 phantoms
  3 ogres
  2 necrophages (D:8)
  2 centaurs
  A crocodile (D:9)
  2 bullfrogs
  A gnoll sergeant (D:6)
  4 scorpions
  A troll zombie (D:9)
  14 killer bees
  3 wights (D:8)
  An electric eel (D:8)
  4 crimson imps
  A centaur zombie (D:8)
  A bullfrog zombie (D:8)
  3 jellies
  A bullfrog skeleton (D:5)
  5 hounds
  4 orc priests
  A centaur skeleton (D:6)
  Jessica (D:3)
  An iguana (D:4)
  11 orc wizards
  5 worker ants
  2 hound zombies (D:8)
  6 ogre zombies (D:9)
  A mummy (D:8)
  2 howler monkey zombies
  2 worker ant zombies
  3 gnolls (D:6)
  10 adders
  A shadow imp (D:5)
  2 oozes
  An adder skeleton (D:4)
  8 worms
  2 dart slugs (D:1)
  2 leopard geckos
  40 orcs
  8 bats
  5 giant cockroaches
  6 goblins
  10 hobgoblins
  19 jackals
  12 kobolds
  8 quokkas
  3 ball pythons
  6 frilled lizards
  2 goblin skeletons (D:9)
  2 goblin zombies (D:9)
  2 hobgoblin skeletons (D:9)
  5 hobgoblin zombies (D:9)
  A jackal skeleton (D:5)
  2 orc skeletons (D:9)
  12 orc zombies (D:9)
  A quokka skeleton (D:4)
  9 rats
294 creatures vanquished.

Vanquished Creatures (others)
  2 orcs (D:8)
2 creatures vanquished.

Grand Total: 296 creatures vanquished

Notes
Turn   | Place    | Note
-------+----------+-------------------------------------------
     0 | D:1      | floatRand the Demonspawn Monk began the quest for the Orb.
     0 | D:1      | Reached XP level 1. HP: 18/18 MP: 1/1
   191 | D:1      | Reached skill level 3 in Axes
   202 | D:1      | Gained mutation: You have sharp fingernails. [demonic
                  | ancestry]
   202 | D:1      | Reached XP level 2. HP: 24/24 MP: 2/2
   908 | D:1      | Reached XP level 3. HP: 29/29 MP: 3/3
  1230 | D:2      | Found a blossoming altar of Fedhas.
  1477 | D:2      | Reached skill level 4 in Axes
  1482 | D:2      | Gained mutation: You are partially covered in sharp spines.
                  | [demonic ancestry]
  1482 | D:2      | Reached XP level 4. HP: 14/35 MP: 4/4
  2144 | D:2      | Found an iron altar of Okawaru.
  2148 | D:2      | Found a burning altar of Makhleb.
  2148 | D:2      | Found a shattered altar of Ashenzari.
  2156 | D:2      | Found a glowing golden altar of the Shining One.
  2156 | D:2      | Found a shimmering blue altar of Sif Muna.
  2820 | D:3      | Noticed a bullfrog
  2829 | D:3      | Killed a bullfrog
  2829 | D:3      | Gained mutation: You are slightly more attuned to the
                  | shadows. [demonic ancestry]
  2829 | D:3      | Reached XP level 5. HP: 38/41 MP: 5/5
  2868 | D:3      | Found a hide-covered altar of Uskayaw.
  2958 | D:3      | Noticed Jessica
  2965 | D:3      | Killed Jessica
  2965 | D:3      | Reached skill level 5 in Axes
  3277 | D:3      | Found a sacrificial altar of Ru.
  3312 | D:3      | Found a bloodstained altar of Trog.
  3636 | D:4      | Gained mutation: Your movements are slightly less
                  | encumbered by armour. (ER -2) [demonic ancestry]
  3636 | D:4      | Reached XP level 6. HP: 30/47 MP: 6/6
  4162 | D:4      | Reached skill level 6 in Axes
  4301 | D:4      | Reached XP level 7. HP: 51/52 MP: 7/7
  5010 | D:5      | Entered Level 5 of the Dungeon
  5014 | D:5      | Reached skill level 5 in Dodging
  5038 | D:5      | Found a sacrificial altar of Ru.
  5449 | D:5      | Found a shimmering altar of Xom.
  5453 | D:5      | Reached skill level 7 in Axes
  5603 | D:5      | Reached XP level 8. HP: 50/58 MP: 8/8
  5970 | D:6      | Reached skill level 8 in Axes
  6273 | D:6      | Found a staircase to the Ecumenical Temple.
  6285 | Temple   | Entered the Ecumenical Temple
  6296 | Temple   | Became a worshipper of Qazlal Stormbringer
  6296 | Temple   | Reached * piety under Qazlal
  6296 | Temple   | Reached ** piety under Qazlal
  6514 | D:6      | Reached skill level 9 in Axes
  6853 | D:7      | Gained mutation: You have very sharp fingernails. [demonic
                  | ancestry]
  6853 | D:7      | Reached XP level 9. HP: 44/65 MP: 9/9
  7056 | D:7      | Found a runed translucent door.
  7056 | D:7      | Noticed mcbry's ghost (novice HaBe)
  7277 | D:8      | Noticed Harold
  7280 | D:8      | Noticed a two-headed ogre
  7290 | D:8      | Killed Harold
  7292 | D:8      | Killed a two-headed ogre
  7292 | D:8      | Reached skill level 5 in Fighting
  7292 | D:8      | Reached skill level 10 in Axes
  7628 | D:8      | Noticed a two-headed ogre
  7638 | D:8      | Killed a two-headed ogre
  7638 | D:8      | Gained mutation: Your movements are less encumbered by
                  | armour. (ER -4) [demonic ancestry]
  7638 | D:8      | Reached XP level 10. HP: 76/76 MP: 10/10
  7792 | D:8      | Noticed Maurice
  7845 | D:8      | HP: 3/76 [poisoned by a water moccasin]
  8026 | D:8      | Reached *** piety under Qazlal
  8088 | D:8      | Identified the +7 rapier of the Tomato {pierce, Str+3
                  | Dex+2}
  8322 | D:8      | Killed Maurice
  8322 | D:8      | Reached skill level 11 in Axes
  8343 | D:8      | Found Poapnima's Gadget Shoppe.
  8433 | D:8      | Found a runed translucent gate.
  8433 | D:8      | Found a runed translucent gate.
  8433 | D:8      | Found a runed translucent gate.
  8433 | D:8      | Noticed a purple ugly thing
  8434 | D:8      | Noticed a purple ugly thing
  8434 | D:8      | Noticed a green ugly thing
  8753 | D:9      | Noticed Prince Ribbit
  8761 | D:9      | Killed Prince Ribbit
  8981 | D:9      | Reached **** piety under Qazlal
  8984 | D:9      | Found a staircase to the Orcish Mines.
  9495 | D:9      | Found the +6 lightning scales {run, rElec}
  9543 | D:9      | Noticed a two-headed ogre
  9551 | D:9      | Killed a two-headed ogre
  9680 | D:9      | Reached XP level 11. HP: 75/84 MP: 11/11
  9699 | D:9      | Reached skill level 12 in Axes
 10830 | D:10     | Entered Level 10 of the Dungeon
 10835 | D:10     | Found a staircase to the Lair.
 10919 | D:10     | HP: 3/84 [killer bee (7)]
 10920 | D:10     | HP: 1/84 [poisoned by a killer bee]
 10921 | D:10     | Succumbed to a killer bee's poison

Levels and vault maps discovered:
D:1:      lemuel_arrival_lava_pool, layout_loops_corners
D:2:      lemuel_upstairs_altar, layout_loops_corners,
          minmay_overflow_temple_star_hex, fedhas_altar_3
D:3:      layout_rooms, nicolae_overflow_hidden_temple,
          eat_drink_and_be_merry_uskayaw, nicolae_ru_path_of_blood, uniq_jessica
D:4:      layout_cave_pools, first_ration
D:5:      layout_cave_pods, nicolae_overflow_crystal_walls, lemuel_round_altar
D:6:      layout_cave_pods, minmay_temple_entry_water_ring
D:7:      layout_rooms, gammafunk_ghost_grave
D:8:      layout_loops_ring, serial_undead, serial_undead_f, serial_undead_d,
          serial_undead_f, serial_undead_f,
          ploomutoo_gammafunk_ghost_potion_laboratory, serial_shops,
          nicolae_shop_trees, uniq_maurice, uniq_harold
D:9:      layout_stronghold, zombieorc2_lemuel, uniq_prince_ribbit1
D:10:     layout_loops_corners, dpeg_oklobed_lair
Temple:   hc_temple_tempest_star

Skill      XL: |  1  2  3  4  5  6  7  8  9 10 11 |
---------------+----------------------------------+-----
Axes           | 3 4 5 6 7 9 10 11 12 | 12.0
Dodging        | 3 4 5 6 7 8 |  8.8
Fighting       | 5 7 |  7.4
Invocations    | 4 |  4.7
Stealth        | |  1.7

Action                   |  1- 3 |  4- 6 |  7- 9 | 10-12 || total
-------------------------+-------+-------+-------+-------++-------
Melee: Hand axe          |    71 |       |       |       ||    71
       Dagger            |    38 |    94 |       |       ||   132
       Battleaxe         |       |    34 |   155 |   248 ||   437
Evoke: Wand              |       |       |       |     7 ||     7
  Use: Scroll            |       |     6 |    10 |     2 ||    18
       Potion            |       |     1 |     1 |     6 ||     8
 Stab: Sleeping          |     6 |     6 |     5 |       ||    17
  Eat: Chunk             |     2 |     9 |     7 |     8 ||    26
       Ration            |       |       |     1 |     2 ||     3
Armor: Robe              |    29 |    18 |    28 |    36 ||   111
       Plate armour      |       |    23 |       |       ||    23
Dodge: Dodged            |    94 |    66 |   135 |   162 ||   457
       Deflected         |       |       |       |     2 ||     2
Block: Other             |       |       |     3 |    51 ||    54

Table legend:
 A = Non-vault XP
 B = Vault XP
 C = Vault XP percentage of total XP
 D = Non-vault monster count
 E = Vault monster count
 F = Vault count percentage of total count
                 A         B        C        D         E       F
            +---------+---------+-------+---------+---------+-------
      Total |   10487 |    2874 |  21.5 |     246 |      48 |  16.3
            +---------+---------+-------+---------+---------+-------
        D:1 |      58 |       0 |   0.0 |      30 |       0 |   0.0
        D:2 |      98 |       0 |   0.0 |      27 |       0 |   0.0
        D:3 |     159 |      37 |  18.9 |      30 |       1 |   3.2
        D:4 |     501 |       0 |   0.0 |      30 |       0 |   0.0
        D:5 |     771 |       0 |   0.0 |      16 |       0 |   0.0
        D:6 |    1021 |       0 |   0.0 |      34 |       0 |   0.0
        D:7 |     436 |       0 |   0.0 |      14 |       0 |   0.0
        D:8 |    2226 |    1923 |  46.3 |      17 |      11 |  39.3
        D:9 |    3733 |     914 |  19.7 |      40 |      36 |  47.4
       D:10 |    1484 |       0 |   0.0 |       8 |       0 |   0.0
            +---------+---------+-------+---------+---------+-------
